 Dungeon Crawl Stone Soup version 0.17-a0-2069-g0f4ee5b (webtiles) character file.

17805 radek the Thaumaturge (level 12, -3/61 HPs)
             Began as a Deep Elf Conjurer on Oct 13, 2015.
             Was a High Priest of Vehumet.
             Killed from afar by Azrael (28 damage)
             ... with a blast of hellfire
             ... on level 13 of the Dungeon.
             The game lasted 02:20:30 (18389 turns).

radek the Thaumaturge (Deep Elf Conjurer)          Turns: 18389, Time: 02:20:31

Health: -3/61      AC:  7    Str:  5    XL:     12   Next: 22%
Magic:  20/32      EV: 16    Int: 26    God:    Vehumet [*****.]
Gold:   966        SH:  0    Dex: 15    Spells: 4 memorised, 25 levels left

rFire  + + .     SeeInvis .     j - +1 mace (protect)
rCold  x x .     Clarity  .     d - +0 robe
rNeg   . . .     SustAt   .     (no shield)
rPois  .         Gourm    .     (no helmet)
rElec  .         Spirit   .     (no cloak)
rCorr  .         Warding  .     (no gloves)
rMut   .         Stasis   +     (no boots)
MR     +....                    v - amulet of stasis
Stlth  ++........               Y - ring of fire
                                x - ring of fire

@: somewhat resistant to hostile enchantments, unstealthy
A: no striking features
a: Renounce Religion


You were on level 13 of the Dungeon.
You worshipped Vehumet.
Vehumet was extremely pleased with you.
You were not hungry.

You visited 2 branches of the dungeon, and saw 14 of its levels.

You collected 966 gold pieces.

Inventory:

Hand Weapons
 j - a +1 mace of protection (weapon)
Armour
 d - a +0 robe (worn)
Jewellery
 l - an uncursed ring of positive energy
 v - an amulet of stasis (around neck)
 x - a ring of fire (left hand)
 J - an uncursed ring of ice
 O - an uncursed ring of see invisible
 Y - a ring of fire (right hand)
Wands
 c - a wand of fireball (4)
 e - a wand of flame (29)
 i - a wand of teleportation (7)
 n - a wand of lightning (9)
 y - a wand of random effects (35)
 D - a wand of cold (7)
 L - a wand of heal wounds (3)
 M - a wand of frost (31)
 Z - a wand of fire (10)
Scrolls
 a - a scroll of acquirement {unknown}
 f - a scroll of remove curse
 g - a scroll of recharging {unknown}
 h - 5 scrolls of enchant weapon
 k - 6 scrolls of teleportation
 q - 5 scrolls of identify
 r - 2 scrolls of fear {unknown}
 u - 2 scrolls of amnesia {unknown}
 A - a scroll of blinking
 H - a scroll of enchant armour {unknown}
 T - a scroll of holy word {unknown}
 U - a scroll of magic mapping
 X - 3 scrolls of random uselessness
Potions
 o - 3 potions of degeneration {unknown}
 p - 6 potions of curing {unknown}
 t - 2 potions of ambrosia {unknown}
 z - 4 potions of cure mutation {unknown}
 C - a potion of mutation {unknown}
 F - 3 potions of brilliance {unknown}
 G - a potion of haste {unknown}
 N - a potion of cancellation {unknown}
 P - 3 potions of lignification {unknown}
 R - a potion of beneficial mutation {unknown}
 S - a potion of poison {unknown}
 V - a potion of resistance {unknown}
Books
 b - a book of Conjurations

   Spells                             Type                      Level
   a - Magic Dart                     Conjuration                  1
   b - Searing Ray                    Conjuration                  2
   c - Dazzling Spray                 Conjuration/Hexes            3
   d - Fulminant Prism                Conjuration/Hexes            4
   e - Iskenderun's Mystic Blast      Conjuration                  4
   f - Iskenderun's Battlesphere      Conjuration/Charms           5
 s - a book of Maledictions

   Spells                             Type                      Level
   a - Corona                         Hexes                        1
   b - Ensorcelled Hibernation        Hexes/Ice                    2
   c - Confuse                        Hexes                        3
   d - Tukima's Dance                 Hexes                        3
   e - Dazzling Spray                 Conjuration/Hexes            3
 w - a book of the Warp

   Spells                             Type                      Level
   a - Recall                         Summoning/Translocation      3
   b - Gell's Gravitas                Hexes/Translocation          3
   c - Force Lance                    Conjuration/Translocation    4
   d - Phase Shift                    Translocation                5
   e - Warp Weapon                    Charms/Translocation         5
   f - Summon Forest                  Summoning/Translocation      5
 B - a book of Hinderance

   Spells                             Type                      Level
   a - Confusing Touch                Hexes                        2
   b - Confuse                        Hexes                        3
   c - Gell's Gravitas                Hexes/Translocation          3
   d - Petrify                        Transmutation/Earth          4
   e - Metabolic Englaciation         Hexes/Ice                    5
 E - a Necronomicon

   Spells                             Type                      Level
   a - Haunt                          Necromancy/Summoning         7
   b - Borgnjor's Revivification      Necromancy                   8
   c - Death's Door                   Charms/Necromancy            8
   d - Necromutation                  Transmutation/Necromancy     8
 I - a book of the Dragon

   Spells                             Type                      Level
   a - Flame Tongue                   Conjuration/Fire             1
   b - Cause Fear                     Hexes                        4
   c - Bolt of Fire                   Conjuration/Fire             6
   d - Dragon Form                    Transmutation                7
   e - Dragon's Call                  Summoning                    9
 K - a Fen Folio

   Spells                             Type                      Level
   a - Corpse Rot                     Necromancy                   2
   b - Stone Arrow                    Conjuration/Earth            3
   c - Leda's Liquefaction            Hexes/Earth                  4
   d - Summon Forest                  Summoning/Translocation      5
   e - Hydra Form                     Transmutation                6
   f - Summon Hydra                   Summoning                    7
 W - a book of Minor Magic

   Spells                             Type                      Level
   a - Magic Dart                     Conjuration                  1
   b - Blink                          Translocation                2
   c - Call Imp                       Summoning                    2
   d - Repel Missiles                 Charms/Air                   2
   e - Slow                           Hexes                        2
   f - Conjure Flame                  Conjuration/Fire             3
   g - Mephitic Cloud                 Conjuration/Poison/Air       3
Miscellaneous
 m - a lantern of shadows
Comestibles
 Q - 5 royal jellies


   Skills:
 + Level 1.5 Fighting
 + Level 6.5 Dodging
 - Level 2.4 Stealth
 + Level 14.4 Spellcasting
 - Level 11.3 Conjurations
 + Level 9.2 Charms
 * Level 11.6 Fire Magic


You had 25 spell levels left.
You knew the following spells:

 Your Spells              Type           Power        Failure   Level  Hunger
a - Magic Dart            Conj           ####         1%          1    None
b - Iskenderun's Battles  Conj/Chrm      ######..     1%          5    ##.....
c - Bolt of Fire          Conj/Fire      ########..   1%          6    ####...
d - Throw Flame           Conj/Fire      ######       1%          2    None


Dungeon Overview and Level Annotations

Branches:
Dungeon (13/15)            Temple (1/1) D:5            Lair (0/8) D:8
    Orc (0/4) D:12         Vaults (0/5) D:13

Altars:
Dithmenos
Fedhas
Gozag
Kikubaaqudgha
Makhleb
Nemelex Xobeh
Okawaru
Ru
Sif Muna
Trog
Vehumet
Xom
Yredelemnul
Zin
The Shining One

Shops:
D:7 =   D:8 :

Portals:
Trove: D:10 (give 16 potions of curing)

Annotations:
D:13 Azrael


Message History

Casting: Magic Dart
Confirm with . or Enter, or press ? or * to list all spells.
Aiming: Magic Dart
Press: ? - help, Shift-Dir - straight line, f/p - Azrael
Aim: Azrael, wielding a scimitar of flaming (lightly wounded)
The magic dart hits Azrael.
Azrael is lightly wounded.
Your battlesphere fires!
The barrage of energy hits Azrael.
Azrael is moderately wounded.
Your battlesphere expends the last of its energy and dissipates.
Casting: Magic Dart
Confirm with . or Enter, or press ? or * to list all spells.
Aiming: Magic Dart
Press: ? - help, Shift-Dir - straight line, f/p - Azrael
Aim: Azrael, wielding a scimitar of flaming (moderately wounded)
Okay, then.
Azrael gestures at you.
The hellfire explodes!
The blast of hellfire engulfs you!
You die...

........####...........#
>.............(.†......#
.......##+######†......#
####.####......#§.§....#
#....#..#......#.#####.#
#'####..#......#§......#
#....'..#......#R......#
#######'#......#.......#
...............#@......#
...............#.......#
...............#.#.....#
####%####......#.#.....#
#.......#......#.#.....#
#...∩...#......#.#.....#
#)......#......#.#.....#
################.#.....#
......##########.......#


You could see Azrael.

Vanquished Creatures
  A slime creature (D:13)
  Pikel (D:4)
  A wizard (D:13)
  4 hill giants
  2 ugly things (D:11)
  2 gargoyles
  4 trolls
  Grinder (D:4)
  2 two-headed ogres (D:13)
  Sigmund (D:2)
  A wyvern (D:9)
  12 yaks
  A wraith (D:13)
  A deep elf mage (D:8)
  4 hungry ghosts
  3 vampire mosquitoes (D:13)
  2 steam dragons
  3 hippogriffs
  2 fire elementals (D:13)
  2 soldier ants
  8 ice beasts
  3 phantoms
  3 hell hounds (D:13)
  2 black bears
  4 ogres
  4 sky beasts
  A slave (D:4)
  4 orc warriors
  7 centaurs
  6 giant frogs
  The ghost of radek the Conjurer, an amateur DECj (D:3)
  2 big kobolds
  14 wights
  10 killer bees
  6 crimson imps
  2 giant frog zombies
  2 centaur zombies
  A quasit (D:7)
  9 hounds
  4 jellies (D:8)
  2 giant frog skeletons
  5 orc priests
  10 orc wizards
  7 iguanas
  10 worker ants
  A killer bee zombie (D:8)
  A hound zombie (D:8)
  3 hound skeletons
  2 worker ant zombies
  16 adders
  A gnoll (D:3)
  2 shadow imps
  8 oozes
  An adder skeleton (D:6)
  2 worms
  6 giant geckos
  44 orcs
  8 giant cockroaches
  2 gnoll zombies (D:2)
  5 hobgoblins
  16 jackals
  2 quokkas
  2 ball pythons
  12 bats
  A giant gecko zombie (D:9)
  11 giant newts
  6 goblins
  A jackal zombie (D:8)
  9 kobolds
  13 rats
  A fungus (D:8)
353 creatures vanquished.

Vanquished Creatures (others)
  A slave (D:5)
  2 orcs (D:5)
3 creatures vanquished.

Grand Total: 356 creatures vanquished

Notes
Turn   | Place    | Note
--------------------------------------------------------------
     0 | D:1      | radek the Deep Elf Conjurer began the quest for the Orb.
     0 | D:1      | Reached XP level 1. HP: 10/10 MP: 6/6
   152 | D:1      | Reached XP level 2. HP: 15/15 MP: 6/8
   264 | D:1      | Reached skill level 5 in Conjurations
   837 | D:1      | Reached XP level 3. HP: 19/19 MP: 3/9
  1523 | D:2      | Reached skill level 6 in Conjurations
  1568 | D:2      | Noticed Sigmund
  1613 | D:3      | Found a glowing golden altar of the Shining One.
  1684 | D:3      | Noticed a centaur
  1727 | D:3      | Killed a centaur
  1727 | D:3      | Reached skill level 7 in Conjurations
  1727 | D:3      | Reached XP level 4. HP: 21/24 MP: 4/10
  1727 | D:3      | Reached XP level 5. HP: 24/28 MP: 4/11
  2532 | D:3      | Learned a level 5 spell: Iskenderun's Battlesphere
  2938 | D:3      | Reached skill level 1 in Charms
  3275 | D:3      | Reached XP level 6. HP: 32/32 MP: 8/12
  3385 | D:3      | Noticed radek's ghost (amateur DECj)
  3392 | D:3      | Killed radek's ghost
  3905 | D:2      | Killed Sigmund
  3905 | D:2      | Reached XP level 7. HP: 36/36 MP: 4/13
  4066 | D:2      | Found a faded altar to an unknown god.
  4393 | D:2      | Found a basalt altar of Yredelemnul.
  4684 | D:4      | Noticed a phantom
  4723 | D:4      | Killed a phantom
  4723 | D:4      | Reached skill level 8 in Charms
  5399 | D:4      | Reached skill level 9 in Charms
  5516 | D:5      | Entered Level 5 of the Dungeon
  5516 | D:5      | Noticed Pikel
  5516 | D:5      | Noticed Grinder
  5590 | D:4      | Killed Pikel
  5590 | D:4      | Reached XP level 8. HP: 18/41 MP: 4/16
  5774 | D:4      | Killed Grinder
  6108 | D:5      | Found a staircase to the Ecumenical Temple.
  6115 | Temple   | Entered the Ecumenical Temple
  6128 | Temple   | Became a worshipper of Vehumet
  6392 | D:5      | Reached skill level 10 in Conjurations
  6884 | D:5      | Reached skill level 5 in Spellcasting
  7199 | D:6      | Reached XP level 9. HP: 46/46 MP: 9/19
  7680 | D:6      | Reached skill level 11 in Conjurations
  7715 | D:6      | Reached * piety under Vehumet
  7715 | D:6      | Offered knowledge of Shock by Vehumet.
  7858 | D:6      | Reached skill level 1 in Fighting
  8037 | D:6      | Found a blossoming altar of Fedhas.
  8087 | D:6      | Found a deep blue altar of Sif Muna.
  8560 | D:7      | Learned a level 6 spell: Bolt of Fire
  8592 | D:7      | Found Daba's Jewellery Shop.
  8758 | D:7      | Reached skill level 1 in Fire Magic
  9121 | D:7      | Found an opulent altar of Gozag.
  9211 | D:7      | Reached ** piety under Vehumet
  9276 | D:7      | Offered knowledge of Throw Flame by Vehumet.
  9280 | D:7      | Learned a level 2 spell: Throw Flame
  9412 | D:7      | Found an iron altar of Okawaru.
  9819 | D:8      | Found a staircase to the Lair.
 10506 | D:8      | Reached XP level 10. HP: 52/52 MP: 12/25
 10962 | D:8      | Reached skill level 10 in Spellcasting
 10969 | D:8      | Found Kiamol's Book Shop.
 11058 | D:8      | Offered knowledge of Ignite Poison by Vehumet.
 11121 | D:8      | Found a burning altar of Makhleb.
 11134 | D:8      | Found a shimmering altar of Xom.
 11334 | D:9      | Noticed a hill giant
 11343 | D:9      | Killed a hill giant
 11343 | D:9      | Reached skill level 5 in Fire Magic
 11804 | D:9      | Reached skill level 5 in Dodging
 11986 | D:9      | Reached *** piety under Vehumet
 12384 | D:9      | Found a glowing golden altar of the Shining One.
 12387 | D:9      | Found a sacrificial altar of Ru.
 12390 | D:9      | Found a glowing silver altar of Zin.
 12734 | D:9      | Offered knowledge of Mephitic Cloud by Vehumet.
 13004 | D:10     | Entered Level 10 of the Dungeon
 13367 | D:10     | Found a portal to a secret trove of treasure.
 13418 | D:10     | Noticed a hill giant
 13425 | D:10     | Killed a hill giant
 14236 | D:11     | Noticed a brown ugly thing
 14244 | D:11     | Killed a brown ugly thing
 14244 | D:11     | Reached skill level 12 in Spellcasting
 14244 | D:11     | Reached XP level 11. HP: 56/56 MP: 6/29
 14665 | D:11     | Noticed a brown ugly thing
 14670 | D:11     | Killed a brown ugly thing
 15252 | D:12     | Reached **** piety under Vehumet
 15929 | D:12     | Found a staircase to the Orcish Mines.
 15930 | D:12     | Reached skill level 13 in Spellcasting
 15968 | D:12     | Offered knowledge of Bolt of Magma by Vehumet.
 16092 | D:12     | Noticed a hill giant
 16095 | D:12     | Killed a hill giant
 16229 | D:12     | Noticed a hill giant
 16231 | D:12     | Killed a hill giant
 16600 | D:12     | Reached skill level 10 in Fire Magic
 17413 | D:13     | Reached skill level 14 in Spellcasting
 17755 | D:13     | Reached XP level 12. HP: 61/61 MP: 7/32
 17957 | D:13     | Found a gate to the Vaults.
 17957 | D:13     | Noticed a wizard
 17958 | D:13     | Killed a wizard
 18045 | D:13     | Reached ***** piety under Vehumet
 18376 | D:13     | Noticed Azrael
 18382 | D:13     | Offered knowledge of Lightning Bolt by Vehumet.
 18389 | D:13     | Killed from afar by Azrael

Vault maps used:
D:1:      eino_arrival_tree_alley, kennysheep_decorative_pillar
D:2:      lemuel_zombie_altar_yredelemnul, ecumenical_altar_1, uniq_sigmund
D:3:      grunt_ministairs_7, corexii_shack, nicolae_tso_swordbearing_angel
D:4:      first_bread, kennysheep_path_1
D:5:      temple_doors_e, uniq_pikel, uniq_grinder
D:6:      kennysheep_mini_moat, minivault_24, fedhas_altar_3
D:7:      nicolae_gozag_seed_capital, lemuel_round_altar, serial_shops,
          shop_coins
D:8:      grunt_temple_overflow_champion_of_chaos, dpeg_oklobed_lair,
          serial_shops, shop, hangedman_little_slice_of_home
D:9:      grunt_temple_overflow_diamond
D:10:     enter_trove_0
D:12:     orc_0_dummy, grunt_decor_one_mirror
D:13:     david_vaults_1, uniq_azrael
Temple:   roderic_octagonal_lattice_temple

Action                   |  1- 3 |  4- 6 |  7- 9 | 10-12 || total
-------------------------+-------+-------+-------+-------++-------
Melee: Unarmed           |     1 |       |       |       ||     1
       Mace              |       |       |    14 |     4 ||    18
 Cast: Magic Dart        |    88 |   117 |   309 |    62 ||   576
       Iskenderun's Batt |       |       |    27 |    30 ||    57
       Throw Flame       |       |       |    36 |   193 ||   229
       Bolt of Fire      |       |       |       |    74 ||    74
  Use: Scroll            |       |       |     9 |     4 ||    13
  Eat: Chunk             |     2 |     3 |     3 |     1 ||     9
       Fruit             |       |     2 |     3 |       ||     5
       Beef jerky        |       |     1 |     1 |     1 ||     3
       Pizza             |       |     1 |     2 |       ||     3
       Bread ration      |       |       |     1 |     5 ||     6
       Meat ration       |       |       |     2 |     2 ||     4
       Royal jelly       |       |       |     1 |     5 ||     6
